hannelore, chaotic male elven Priest -------- |......| |{..ff.| |...@... |..j...| |.`.j..| ---|---- -------- ## # #.......(##### # ###|......| # # # #.....).-############################ ### |......| # # # # -------- ### # ### --+-- ### # # # |.^.| # ---.----------- |....## |.............| |..<| |.............| ----- ..............| --------------- hannelore the Adept Experience level: 7 Strength: 18 Dexterity: 12 Constitution: 13 Intelligence: 7 Wisdom: 20 Charisma: 11 Health: 0(54) Energy: 110(115) Def: 8 Gold: 0 Moves: 4372 Dungeon seed: 80ad7aaY1hJGxfiP Game ID: hannelore_1614602487 Your Inventory: Weapons a - a blessed +1 mace (weapon in hand) l - a +0 elven bow (alternate weapon; not wielded) D - 9 +0 arrows (in quiver) Q - 14 cursed poisoned +0 orcish arrows Y - 8 cursed +0 arrows Armor e - a +0 robe (being worn) n - a +0 small shield (being worn) r - a +0 leather armor (being worn) s - a +0 pair of iron shoes (being worn) O - a +0 orcish helm (being worn) Comestibles c - a clove of garlic d - a sprig of wolfsbane i - 4 food rations k - a tripe ration B - 2 fortune cookies T - 2 cursed tripe rations Scrolls m - a scroll of identify H - 2 scrolls of teleportation J - a scroll of destroy armor U - a cursed scroll of remove curse V - a cursed scroll of magic mapping W - a cursed scroll of enchant weapon Spellbooks f - a spellbook of extra healing K - a blessed spellbook of restore ability S - a spellbook of blank paper Z - a spellbook of healing Potions b - 5 potions of holy water h - a cursed potion of blindness j - a potion of confusion o - a cursed potion of paralysis v - a potion of paralysis G - a potion of fruit juice L - a potion of see invisible R - a potion of object detection Rings p - a ring of sustain ability (on left hand) A - a cursed ring of hunger Tools t - a +0 pick-axe E - a skeleton key F - a magic lamp Gems q - 4 worthless pieces of yellow glass u - 3 worthless pieces of yellowish brown glass w - 4 worthless pieces of red glass x - a cursed worthless piece of black glass y - 2 worthless pieces of orange glass z - 2 worthless pieces of violet glass I - 3 cursed worthless pieces of green glass M - 2 worthless pieces of white glass P - a cursed worthless piece of orange glass Spells and supernatural/magical abilities: Name Level Category Fail Memory h - healing 1 healing 0% 94% l - light 1 divination 0% 94% x - extra healing 3 healing 57% 79% O - create monster 2 clerical 0% 79% R - restore ability 4 healing 85% 89% W - pray for help -- divine ? -- X - turn undead -- divine ? -- Your skills at the end: Fighting Skills Weapon Skills mace [Basic] Spellcasting Skills clerical spells [Basic] Final Attributes: You were piously aligned. You were sleep resistant. You had infravision. You had fixed abilities. You were lucky. You are dead. Vanquished creatures: a ghost 4 wolves 8 leprechauns a black light a werewolf a housecat 2 dwarf lords a raven a gnome mummy a snake a rope golem a water nymph 4 Uruk-hai 3 rock piercers a yellow light 5 gnome lords 2 elf zombies 4 giant ants 2 dwarves a kobold lord a hill orc 2 giant bats 5 dwarf zombies 2 iguanas 2 coyotes a hobbit a large kobold a hobgoblin a giant rat 3 cave spiders a brown mold a red mold 7 gnomes 2 geckos 6 jackals 3 kobolds a goblin 7 sewer rats 5 grid bugs 11 lichens a kobold zombie 7 newts 116 creatures vanquished. Voluntary challenges: You used a wielded weapon 165 times, starting on turn 70. You read items or engraved 20 times, starting on turn 996. You never genocided any monsters. You never polymorphed an object. You never changed form. You used no wishes. You never split a pudding. You never wrote Elbereth's name. You violated your moral code, losing 3 points of alignment, starting on turn 2378. Dungeon overview: The Dungeons of Doom: levels 1 to 9 Level 1 a long staircase Level 2 an armor shop, a sink Level 3 a fountain stairs to The Gnomish Mines Level 4 a fountain Level 5 Level 6 an altar to Thoth a long staircase Level 7 a fountain Level 8 a fountain Level 9 <- You were here a fountain The Gnomish Mines: Level 4 stairs to The Dungeons of Doom History has recorded: On T:1 you entered the Dungeons of Doom to retrieve the Amulet of Yendor! On T:322 you reached level 2 of The Dungeons of Doom. On T:544 you advanced to experience level 2. On T:767 you advanced to experience level 3. On T:826 you reached level 3 of The Dungeons of Doom. On T:1033 you advanced to experience level 4. On T:1075 you reached level 1 of The Gnomish Mines. On T:1221 you advanced to experience level 5. On T:1528 you reached level 4 of The Dungeons of Doom. On T:2029 you reached level 5 of The Dungeons of Doom. On T:2394 you reached level 6 of The Dungeons of Doom. On T:2506 you advanced to experience level 6. On T:2877 you reached level 7 of The Dungeons of Doom. On T:3338 you advanced to experience level 7. On T:3796 you reached level 8 of The Dungeons of Doom. On T:4090 you reached level 9 of The Dungeons of Doom. Score breakdown: Gold: 0 ( 0 points) Experience: 7 levels (13645 points) Exploration: 9 levels ( 19.57%) (12649 points) Discoveries: 10 items ( 3.50%) ( 5609 points) Valuables value: (no points given unless you survive) Artifact value: 0 ( 0 points) Variety of kills: 42 monsters ( 11.02%) ( 9960 points) Turncount: 4372 turns (-1156 points) Survival: died (score multiplied by 80%) Total score: 32565 Latest messages: The giant pigmy seems more experienced. You hear water falling on coins. The nalfeshnee is almost hit by a dart! Everything looks SO boring now. You displace Qwerty. Qwerty misses the blue jelly. Qwerty is suddenly very cold! Qwerty bites the blue jelly. Qwerty is suddenly very cold! You see here 2 fortune cookies. Qwerty bites the blue jelly. Qwerty is suddenly very cold! The blue jelly multiplies from Qwerty's heat! You have a little trouble lifting B - 2 fortune cookies. You stop. Qwerty is in the way! You hit the blue jelly! (2x) You are suddenly very cold! You hit the blue jelly! (2x) You are suddenly very cold! You hit the blue jelly! You feel better. You hit the blue jelly! You are suddenly very cold! You die... Final status: Goodbye hannelore the Priest, killed by a blue jelly... You died in The Dungeons of Doom on dungeon level 9 with 32565 points, and 0 pieces of gold, after 4372 moves. You were level 7 with a maximum of 54 hit points when you died.